 Dungeon Crawl Stone Soup version 0.30.1-11-g7821555f0a (webtiles) character file.

Game seed: 17794820302565815529

396 Djon the Chopper (level 6, -3/56 HPs)
             Began as a Minotaur Berserker on Jan 10, 2024.
             Was a Priest of Trog.
             Slain by Pikel
             ... wielding a +2 whip of electrocution
              (9 damage)
             ... on level 4 of the Dungeon.
             The game lasted 00:02:28 (3294 turns).

Djon the Chopper (Minotaur Berserker)               Turns: 3294, Time: 00:02:29

Health: -3/56      AC: 12    Str: 22    XL:     6   Next: 52%
Magic:  5/5        EV:  7    Int:  4    God:    Trog [***...]
Gold:   215        SH:  0    Dex: 11    Spells: 5/5 levels left

rFire   . . .        a - +0 hand axe
rCold   . . .        (no shield)
rNeg    . . .        u - +0 plate armour
rPois   .            (helmet restricted)
rElec   .            (no cloak)
rCorr   .            (no gloves)
SInv    .            (no boots)
Will    .....        (no amulet) Stlth
                     (no ring)
HPRegen 0.29/turn    (no ring)
MPRegen 0.09/turn

%: no passive effects
@: no status effects
A: horns 2, retaliatory headbutt
a: Renounce Religion, Berserk, Trog's Hand


You were on level 4 of the Dungeon.
You worshipped Trog.
Trog was most pleased with you.
You visited 1 branch of the dungeon, and saw 5 of its levels.

You collected 215 gold pieces.

Inventory:

Hand Weapons
 a - a +0 hand axe (weapon)
Armour
 u - a +0 plate armour (worn)
Jewellery
 p - a ring of ice
Scrolls
 b - 2 scrolls of teleportation {unknown}
 d - a scroll of enchant armour {unknown}
 h - a scroll of poison {unknown}
 i - a scroll of enchant weapon {unknown}
 j - a scroll of immolation {unknown}
 m - 3 scrolls of brand weapon {unknown}
 n - 2 scrolls of noise {unknown}
 q - a scroll of amnesia {unknown}
 s - a scroll of vulnerability {unknown}
Potions
 c - 6 potions of curing {unknown}
 e - a potion of attraction {unknown}
 f - a potion of heal wounds {unknown}
 g - a potion of lignification {unknown}
 k - a potion of resistance {unknown}
 l - a potion of invisibility
 o - a potion of haste {unknown}
 r - 2 potions of brilliance {unknown}
 t - a potion of degeneration {unknown}
 v - a potion of might {unknown}


   Skills:
 + Level 5.1 Fighting
 * Level 6.3 Axes
 + Level 4.4 Armour
 + Level 3.8 Dodging


You had 5 spell levels left.
You didn't know any spells.
Your spell library was empty.

Dungeon Overview and Level Annotations

Branches:
Dungeon (5/15)             Temple (0/1) D:4

Altars:
Ashenzari
Fedhas
Makhleb
Uskayaw
Yredelemnul

Annotations:
D:5 Pikel


Innate Abilities, Weirdness & Mutations

You have a pair of horns on your head.
You reflexively headbutt those who attack you in melee.


Message History

You closely miss the ufetubus. The ufetubus hits you.
The ufetubus barely misses you. The ufetubus completely misses you. x2
You hit the ufetubus. You headbutt the ufetubus.
You kill the ufetubus!
Trog accepts your kill.
You closely miss the lemure. You hit the lemure but do no damage.
You headbutt the lemure!
The lemure is moderately wounded.
You hit something. The lemure hits you but does no damage.
Something hits you but does no damage.
You hit the lemure.
The lemure is moderately wounded.
You miss something. The lemure hits you but does no damage.
Something hits you but does no damage.
You barely miss the lemure.
You headbutt the lemure, but do no damage.
You punch the lemure, but do no damage.
The lemure is moderately wounded.
You hit something. The lemure barely misses you. You furiously retaliate!
You headbutt the lemure. Something hits you.
You are electrocuted!!
You slash the lemure! You headbutt the lemure.
The lemure is almost dead.
You miss something. The lemure closely misses you.
Something hits you but does no damage.
You slash the lemure!
You kill the lemure!
That felt strangely unrewarding.
You hit something. Something hits you but does no damage.
Unknown command.
Something hits you but does no damage.
You climb upwards.
Reactivating autopickup.
There is a stone staircase leading down here.
Something hits you but does no damage.
You are electrocuted!!
* * * LOW HITPOINT WARNING * * *
Deactivating autopickup; reactivate with Ctrl-A.
Something hits you.
* * * LOW HITPOINT WARNING * * *
You are electrocuted!
You die...

#.##..##.#....######.............
..'......#....#................'.
..#......'....'................#.
..#......#....#................#.
####...###....##############'###.
#####....###...##..######...##
#....#......#...#..#.....#
#....'......#...#..#.....#
#....#...@..#...#..#.....#
#....#......#...#..#.....#
#....#......#...#..#.....# ###
###....##..####..##..###..## ..#
#.......#'#####..##..###..## ..#
#.......#...#(........#..... ..#
#.>.....#...#.........#.....
..####.......##.##..####.####..##
#.........########..####.#####'##


There were no monsters in sight!

Vanquished Creatures
  A water moccasin (D:4)
  An ogre (D:4)
  A lemure (D:5)
  3 iron imps (D:3)
  5 adders
  An ufetubus (D:5)
  4 dart slugs
  An orc (D:3)
  8 endoplasms
  5 goblins
  4 hobgoblins
  7 jackals
  6 kobolds
  3 quokkas
  13 ball pythons
  5 bats
  2 frilled lizards
  7 rats
77 creatures vanquished.

Notes
Turn   | Place    | Note
-------+----------+-------------------------------------------
     0 | D:1      | Djon the Minotaur Berserker began the quest for the Orb.
     0 | D:1      | Reached XP level 1. HP: 19/19 MP: 0/0
   235 | D:1      | Reached XP level 2. HP: 27/27 MP: 1/1
   241 | D:1      | Reached skill level 4 in Axes
   565 | D:1      | Reached XP level 3. HP: 33/33 MP: 2/2
   577 | D:1      | Reached ** piety under Trog
   954 | D:2      | Reached XP level 4. HP: 40/40 MP: 3/3
  1665 | D:3      | Found a blossoming altar of Fedhas.
  1747 | D:3      | You fall into a shaft and drop 1 floor!
  1755 | D:4      | Found a broken altar of Ashenzari.
  1761 | D:4      | Noticed an ogre
  1771 | D:4      | Killed an ogre
  1772 | D:4      | Reached skill level 5 in Axes
  1772 | D:4      | Reached XP level 5. HP: 47/47 MP: 4/4
  1891 | D:3      | Reached *** piety under Trog
  2162 | D:3      | Found a burning altar of Makhleb.
  2199 | D:3      | Reached XP level 6. HP: 35/55 MP: 5/5
  2369 | D:4      | Found a hide-covered altar of Uskayaw.
  2385 | D:4      | Noticed a water moccasin
  2390 | D:4      | Killed a water moccasin
  2391 | D:4      | Reached skill level 5 in Fighting
  2391 | D:4      | Reached skill level 6 in Axes
  2392 | D:4      | Found a staircase to the Ecumenical Temple.
  2480 | D:4      | Found a basalt altar of Yredelemnul.
  3273 | D:5      | Entered Level 5 of the Dungeon
  3276 | D:5      | Noticed Pikel
  3294 | D:4      | Slain by Pikel

Illustrated notes

Levels and vault maps discovered:
D:1:      scummos_arrival_simple_fountains, layout_loops_ring, minmay_3d_cube
D:2:      layout_basic, minivault_11
D:3:      layout_basic, demons_altar, mainiacjoe_overflow_six_doors_small
D:4:      layout_gridville, mainiacjoe_overflow_24_doors,
          cheibrodos_ashenzari_chains, lemuel_crystal_altar,
          minmay_temple_entry_glass
D:5:      layout_basic, minmay_door_square, uniq_blork_the_orc, uniq_pikel,
          uniq_duvessa

Skill      XL: |  1  2  3  4  5  6 |
---------------+-------------------+-----
Axes           | 4 5 6 |  6.3
Fighting       | 4 5 |  5.1
Armour         | 3 4 |  4.4
Dodging        | 3 |  3.8

Action                     |  1- 3 |  4- 6 || total
---------------------------+-------+-------++-------
  Melee: Hand axe          |    77 |   100 ||   177
         Headbutt          |     9 |    17 ||    26
         Punch             |       |     2 ||     2
 Invoke: Berserk           |       |     1 ||     1
 Armour: Ring mail         |    20 |    31 ||    51
         Animal skin       |     2 |       ||     2
         Plate armour      |       |    17 ||    17
  Dodge: Dodged            |    62 |    49 ||   111
